Map: Whitewater Line LE

Players

OpuS

  • Race: Protoss Protoss
  • Spawn Location: 12:00

Feng

  • Race: Terran Terran
  • Spawn Location: 1:00

Sketchaphone

  • Race: Zerg Zerg
  • Spawn Location: 1:00

LizardHerder

  • Race: Protoss Protoss
  • Spawn Location: 7:00

Wangus

  • Race: Zerg Zerg
  • Spawn Location: 6:00

FreeToFall

  • Race: Terran Terran
  • Spawn Location: 7:00

VOD

Have the link to the VOD?

Description

Time

  • Played on: Jan. 22, 2019, 8:55 p.m.
  • Length: 13:01
Show
View Real Time Build Order
Export as new Build Order

OpuS Protoss 

Build Orders: 1 Gate Expand 

Get SALT Encoding   

  12  0:01  Probe  
  13  0:13  Probe  
  14  0:22  Pylon  
  14  0:25  Probe  
  15  0:40  Probe  
  15  0:42  Gateway  
  16  0:52  Probe  
  17  0:59  Assimilator  
  17  1:04  Probe  
  18  1:16  Probe  
  19  1:28  Probe  
  19  1:29  Cybernetics Core  
  20  1:41  Nexus  
  20  1:52  Pylon  
  20  1:54  Probe  
  21  2:05  Warp Gate  
  21  2:06  Probe  
  22  2:11  Assimilator  
  22  2:18  Probe  
  23  2:24  Robotics Facility  
  23  2:26  Pylon  
  23  2:30  Probe  
  23  2:51  Gateway  
  23  2:53  Gateway  
  23  3:00  Gateway  
  23  3:07  Immortal  
  27  3:22  Probe  
  27  3:25  Probe  
  29  3:35  Probe  
  29  3:37  Probe, Immortal  
  35  3:50  Probe  
  35  3:53  Probe  
  37  4:03  Probe  
  37  4:05  Probe  
  37  4:09  Warp Prism  
  39  4:15  Probe  
  41  4:27  Probe x2  
  43  4:36  Pylon  
  43  4:39  Probe  
  43  4:40  Probe  
  45  4:51  Probe  
  45  4:52  Probe  
  47  4:56  Pylon  
  47  4:57  Stalker x2  
  47  4:59  Stalker  
  53  5:03  Probe  
  53  5:04  Stalker, Probe  
  57  5:08  Pylon  
  57  5:20  Probe x2  
  59  5:36  Stalker x2  
  49  5:43  Stalker x2  
  49  5:44  Stalker  
  49  5:45  Stalker  
  49  5:47  Assimilator  
  57  5:51  Assimilator  
  57  5:54  Robotics Bay  
  57  6:01  Probe x2  
  57  6:02  Twilight Council  
  59  6:16  Zealot x3  
  59  6:17  Zealot  
  67  6:34  Forge  
  67  6:39  Forge  
  67  6:40  Forge  
  67  6:41  Blink  
  67  6:45  Stalker x4  
  75  6:58  Protoss Ground Weapons Level 1  
  75  7:21  Stalker x3  
  77  7:30  Protoss Shields Level 1, Protoss Ground Armor Level 1  
  77  7:32  Gateway  
  77  7:33  Gateway  
  77  7:35  Stalker  
  77  7:36  Gateway  
  75  7:40  Gateway  
  75  7:52  Probe x2  
  75  7:53  Pylon  
  77  8:04  Probe  
  78  8:11  Probe  
  78  8:12  Pylon  
  79  8:13  Pylon  
  79  8:15  Pylon  
  79  8:18  Probe  
  80  8:23  Probe  
  81  8:33  Stalker x2  
  91  8:34  Stalker x2  
  91  8:38  Stalker  
  97  9:00  Observer  
  92  9:14  Protoss Ground Weapons Level 2  
  92  9:22  Observer  
  93  9:27  Stalker x6  
  93  9:28  Stalker x2  
  109  9:43  Pylon  
  109  9:52  Pylon  
  108  9:53  Pylon  
  108  9:57  Protoss Ground Armor Level 2  
  108  10:08  Protoss Shields Level 2  
  108  10:12  Stalker x4  
  108  10:13  Stalker x2  
  120  10:36  Colossus  
  120  10:41  Stalker x2  
  129  11:17  Pylon  
  129  11:19  Pylon  
  129  11:21  Pylon  
  129  11:23  Pylon  
  129  11:28  Robotics Facility  
  129  11:35  Colossus  
  111  11:48  Stalker x3  
  111  11:49  Stalker x3  
  91  12:06  Stalker x2  
  61  12:29  Stalker x6  
  59  12:30  Stalker  
Show
View Real Time Build Order
Export as new Build Order

Feng Terran 

Build Orders:  

Get SALT Encoding   

  12  0:02  SCV  
  13  0:14  Supply Depot  
  13  0:18  SCV  
  14  0:30  Refinery, SCV  
  15  0:42  SCV  
  16  0:53  Barracks  
  16  0:54  SCV  
  17  1:29  SCV  
  17  1:30  Command Center  
  18  1:39  Marine  
  19  1:48  Supply Depot  
  19  1:58  SCV  
  19  1:59  Factory  
  20  2:03  Barracks Tech Lab  
  20  2:16  Engineering Bay  
  20  2:22  Marine, SCV  
  22  2:37  Barracks, SCV  
  23  2:45  Factory Tech Lab  
  23  2:55  Orbital Command  
  23  2:59  Refinery  
  23  3:00  SCV  
  23  3:05  Marine  
  25  3:17  Siege Tank  
  28  3:23  SCV  
  29  3:34  Combat Shield  
  29  3:35  SCV  
  30  3:46  Barracks Reactor  
  30  3:50  SCV  
  30  3:54  Orbital Command  
  31  3:57  Refinery  
  31  4:02  SCV  
  30  4:22  SCV x2  
  31  4:34  Siege Tank, SCV x2  
  36  4:46  SCV x2  
  36  4:49  Terran Infantry Armor Level 1  
  38  4:54  Engineering Bay  
  38  4:58  SCV x2  
  40  5:00  Armory  
  40  5:07  Starport  
  40  5:10  SCV x2  
  42  5:15  Marine  
  43  5:22  Terran Infantry Weapons Level 1, SCV  
  43  5:23  SCV  
  45  5:34  SCV  
  46  5:55  Supply Depot  
  46  5:57  SCV x2, Supply Depot  
  48  6:07  Command Center  
  48  6:10  Refinery, SCV x2  
  50  6:20  Starport Reactor  
  50  6:22  SCV  
  51  6:27  Starport  
  51  6:29  Terran Vehicle And Ship Armor Level 1  
  51  6:58  Starport  
  51  7:04  Missile Turret  
  48  7:12  Missile Turret x2  
  48  7:15  Missile Turret  
  48  7:19  Missile Turret  
  48  7:20  Viking x2  
  48  7:21  Missile Turret  
  48  7:22  Missile Turret  
  45  7:37  Starport  
  45  7:44  SCV  
  43  7:50  Viking  
  45  7:56  SCV  
  45  7:57  Missile Turret, SCV  
  47  8:08  SCV  
  47  8:09  SCV  
  47  8:12  Viking x2  
  51  8:15  Terran Infantry Armor Level 2  
  53  8:20  SCV  
  53  8:21  SCV  
  53  8:23  Terran Ship Weapons Level 1  
  55  8:32  SCV  
  55  8:33  SCV x2  
  58  8:44  SCV  
  58  8:45  SCV x2  
  61  8:56  SCV  
  61  8:57  SCV x2, Starport Tech Lab  
  61  8:58  Starport Tech Lab  
  64  9:08  SCV, Starport Tech Lab  
  65  9:12  SCV x2  
  63  9:20  SCV  
  64  9:24  SCV  
  65  9:34  Missile Turret  
  65  9:36  SCV  
  66  9:42  SCV x2  
  68  9:48  SCV  
  69  9:53  Missile Turret  
  69  9:54  SCV  
  69  9:55  Viking x4  
  69  9:56  Viking  
  80  10:00  SCV  
  81  10:11  Missile Turret  
  81  10:12  SCV  
  82  10:23  Refinery  
  82  10:25  Viking x3  
  88  10:32  Missile Turret  
  88  10:40  Banshee  
  91  10:47  Refinery  
  91  10:51  Missile Turret  
  91  11:08  Supply Depot  
  91  11:09  Supply Depot  
  91  11:10  Supply Depot  
  91  11:11  Banshee  
  91  11:13  Banshee  
  85  11:23  Banshee  
  80  11:40  Viking x2  
  84  11:54  Banshee  
  82  11:56  Banshee  
  77  12:05  Banshee  
  80  12:10  Viking x2  
  74  12:23  SCV x3  
  74  12:24  Marine  
  76  12:35  SCV x2  
  75  12:41  Marine  
Show
View Real Time Build Order
Export as new Build Order

Sketchaphone Zerg 

Build Orders: Hatch First, Swarm Host 

Get SALT Encoding   

  12  0:02  Drone  
  13  0:13  Overlord  
  13  0:18  Drone  
  14  0:32  Drone x2  
  16  0:42  Drone  
  17  1:04  Drone  
  17  1:05  Hatchery  
  17  1:07  Extractor  
  17  1:08  Drone  
  17  1:12  Drone  
  18  1:19  Drone  
  19  1:26  Spawning Pool  
  18  1:39  Drone  
  19  1:45  Drone  
  20  1:50  Overlord  
  20  2:03  Drone  
  21  2:14  Overlord, Metabolic Boost  
  21  2:17  Queen  
  21  2:19  Queen  
  25  2:23  Drone  
  26  2:35  Zergling x2  
  26  2:36  Zergling x2  
  28  2:42  Overlord  
  28  2:45  Drone x2  
  30  3:07  Drone x2  
  30  3:08  Drone  
  33  3:17  Baneling Nest, Drone x2  
  34  3:25  Hatchery  
  33  3:46  Zergling x2  
  34  3:52  Drone  
  34  3:53  Overlord  
  34  3:54  Zergling x10  
  40  3:58  Evolution Chamber, Drone x3  
  40  4:00  Evolution Chamber  
  41  4:07  Zergling x4  
  43  4:13  Zergling x4  
  45  4:23  Overlord x2  
  43  4:25  Zergling x4  
  43  4:28  Drone x2  
  47  4:34  Zerg Melee Weapons Level 1  
  47  4:35  Overlord  
  47  4:36  Drone x2  
  47  4:47  Overlord  
  47  4:51  Drone x2  
  49  4:53  Lair  
  49  5:00  Extractor  
  49  5:03  Overlord  
  49  5:06  Spore Crawler  
  47  5:10  Spore Crawler  
  47  5:11  Drone x4  
  47  5:13  Overlord  
  50  5:26  Baneling x2  
  50  5:33  Queen  
  52  5:45  Zerg Ground Armor Level 1  
  52  5:46  Overlord x2  
  52  5:47  Zergling x6  
  55  5:59  Drone x4, Extractor  
  55  6:00  Drone x2  
  55  6:01  Extractor  
  55  6:02  Overlord, Drone x2  
  61  6:07  Queen  
  61  6:08  Drone x2  
  62  6:40  Overlord  
  62  6:42  Drone x7  
  62  6:43  Drone x5  
  62  6:44  Queen  
  76  6:51  Infestation Pit  
  76  6:53  Spore Crawler  
  74  6:56  Overlord  
  74  7:08  Spore Crawler  
  74  7:09  Zergling x20  
  83  7:24  Nydus Network  
  83  7:25  Zergling x14  
  83  7:27  Zerg Melee Weapons Level 2  
  89  7:42  Pneumatized Carapace  
  89  7:43  Overlord  
  89  7:46  Zerg Ground Armor Level 2  
  89  7:47  Zergling x16  
  97  7:57  Centrifical Hooks  
  97  7:59  Overlord  
  97  8:15  Spore Crawler  
  97  8:16  Spore Crawler x2  
  97  8:17  Drone x5  
  99  8:21  Overlord  
  99  8:23  Swarm Host x4  
  111  8:41  Zergling x14  
  117  8:45  Pathogen Glands  
  117  9:17  Drone  
  117  9:18  Drone x4  
  117  9:20  Infestation Pit  
  117  9:21  Extractor  
  117  9:22  Extractor  
  119  9:27  Spore Crawler x2  
  119  9:28  Zergling x12  
  119  9:30  Overlord x2  
  117  10:05  Nydus Canal  
  110  10:36  Nydus Canal  
  102  10:50  Zergling x20  
  99  11:09  Zergling x8  
  94  11:12  Baneling x8  
  91  11:38  Zergling x18  
  96  11:48  Hatchery  
  94  11:54  Baneling x4  
  94  11:55  Zergling x18  
  94  11:56  Zergling x6  
  94  11:57  Baneling x6  
  94  12:02  Baneling x7  
  94  12:05  Baneling x6  
  94  12:07  Zergling x6  
  97  12:15  Baneling x8  
  85  12:27  Baneling x12  
  85  12:28  Baneling x4  
  76  12:36  Zergling x14  
Show
View Real Time Build Order
Export as new Build Order

LizardHerder Protoss 

Build Orders: 1 Gate Expand, Forge Fast Expand (FFE) 

Get SALT Encoding   

  1  0:00  Probe  
  12  0:05  Probe  
  14  0:15  Probe  
  15  0:25  Pylon  
  15  0:46  Probe  
  16  0:52  Gateway  
  16  0:55  Forge  
  16  1:20  Nexus  
  16  1:22  Probe  
  17  1:30  Assimilator  
  17  1:39  Pylon  
  17  1:49  Cybernetics Core  
  17  1:59  Probe  
  18  2:05  Assimilator  
  18  2:10  Probe  
  19  2:18  Probe  
  20  2:26  Probe  
  20  2:29  Gateway  
  20  2:31  Warp Gate  
  20  2:35  Probe  
  20  2:37  Probe  
  22  2:43  Probe  
  23  2:45  Probe  
  23  2:50  Pylon  
  23  2:51  Probe  
  25  2:53  Probe  
  27  2:58  Assimilator  
  27  3:02  Probe  
  27  3:04  Probe  
  29  3:16  Robotics Facility  
  29  3:17  Stalker  
  31  3:23  Probe x2  
  33  3:30  Assimilator  
  33  3:35  Probe x2  
  35  3:44  Stalker  
  35  3:47  Probe x2  
  39  4:02  Pylon  
  39  4:03  Probe x2  
  39  4:05  Stargate  
  39  4:07  Pylon  
  41  4:32  Immortal  
  41  4:40  Stalker x2  
  49  4:50  Robotics Bay, Probe  
  49  4:51  Probe  
  51  5:01  Immortal  
  51  5:02  Oracle  
  51  5:03  Probe x2  
  60  5:24  Stalker x2  
  64  5:40  Oracle  
  65  5:59  Extended Thermal Lance  
  65  6:05  Stalker x2  
  69  7:02  Pylon  
  69  7:04  Pylon  
  69  7:05  Pylon  
  69  7:06  Pylon  
  69  7:07  Pylon  
  69  7:20  Colossus  
  75  7:39  Gravitic Boosters  
  75  7:59  Gateway  
  75  8:01  Gateway  
  75  8:02  Gateway x2  
  75  8:08  Gateway  
  75  8:10  Gateway  
  75  8:12  Gateway  
  75  8:14  Gateway, Robotics Facility  
  75  8:19  Stargate  
  75  8:20  Stargate  
  75  8:22  Fleet Beacon  
  75  8:25  Stalker  
  75  8:26  Stalker  
  79  8:40  Assimilator  
  78  8:57  Zealot x5  
  78  8:58  Zealot  
  90  9:22  Tempest x3  
  101  9:55  Nexus  
  101  9:57  Assimilator  
  101  10:00  Pylon  
  101  10:03  Pylon  
  101  10:05  Tempest  
  101  10:06  Pylon  
  106  10:07  Stalker x2  
  106  10:12  Pylon  
  110  10:15  Pylon  
  110  10:28  Tempest x2  
  120  10:32  Stalker x5  
  120  10:33  Stalker  
  120  10:34  Sentry  
  120  10:35  Sentry  
  136  10:47  Tempest  
  141  10:57  Zealot x4  
  149  11:10  Stalker x3, Tempest  
  128  11:40  Zealot x3  
  128  11:41  Zealot x4  
  133  11:53  Sentry x3  
  137  12:12  Stalker x2  
  137  12:13  Stalker x3  
  70  12:57  Zealot x6  
  70  12:58  Zealot x3  
Show
View Real Time Build Order
Export as new Build Order

Wangus Zerg 

Build Orders: Hatch First 

Get SALT Encoding   

  12  0:01  Drone  
  13  0:11  Drone  
  14  0:18  Overlord  
  14  0:25  Drone, Extractor  
  15  0:37  Drone x2  
  17  0:58  Hatchery  
  17  0:59  Drone  
  17  1:13  Spawning Pool  
  17  1:15  Extractor  
  17  1:16  Drone  
  16  1:20  Drone  
  16  1:24  Drone  
  18  1:28  Drone  
  19  1:38  Overlord  
  19  1:49  Drone  
  20  2:00  Queen, Zergling x2  
  23  2:10  Queen  
  23  2:12  Zergling x2, Drone  
  27  2:16  Metabolic Boost  
  27  2:26  Drone x2  
  29  2:41  Drone x2  
  31  2:45  Extractor  
  31  2:48  Drone x2  
  32  2:54  Overlord, Drone  
  33  3:05  Drone x2  
  35  3:10  Zergling x2  
  36  3:17  Overlord  
  36  3:18  Zergling x6  
  38  3:20  Lair  
  38  3:24  Drone x2  
  38  3:25  Zergling x2  
  41  3:30  Zergling x4  
  43  3:39  Roach Warren  
  42  3:47  Drone x4  
  42  3:48  Drone  
  47  3:51  Extractor  
  45  4:20  Drone x4  
  45  4:28  Extractor  
  45  4:30  Spire  
  43  4:47  Spine Crawler, Drone x3  
  43  4:48  Drone  
  43  4:50  Spine Crawler  
  45  4:53  Drone x3  
  45  4:58  Overlord x4  
  48  5:03  Drone x3  
  51  5:12  Drone  
  51  5:13  Overlord  
  52  5:23  Zergling x2  
  52  5:24  Zergling x2  
  54  5:29  Spore Crawler  
  53  5:48  Overlord  
  53  5:56  Drone  
  54  5:57  Infestation Pit  
  54  6:00  Mutalisk x2  
  54  6:01  Mutalisk x6  
  69  6:09  Zerg Flyer Weapons Level 1  
  69  6:22  Zergling x8  
  73  6:36  Mutalisk  
  73  6:37  Mutalisk x2  
  79  6:41  Zergling x8  
  79  6:46  Hive  
  83  7:00  Mutalisk  
  83  7:11  Mutalisk  
  83  7:31  Mutalisk x3  
  87  7:50  Mutalisk x2  
  91  8:15  Mutalisk x2  
  95  8:28  Greater Spire  
  95  8:45  Hatchery, Mutalisk x2  
  96  9:27  Overlord x5  
  96  9:28  Overlord  
  96  9:30  Zergling x6  
  99  9:38  Evolution Chamber  
  98  10:08  Zergling x12  
  98  10:09  Zergling x10  
  98  10:10  Zergling x6  
  112  10:33  Ultralisk Cavern, Zerg Ground Armor Level 1  
  97  11:12  Zergling x10  
  97  11:13  Zergling x4  
  97  11:14  Overlord x2  
  97  11:15  Overlord x6  
  104  11:27  Chitinous Plating  
  104  11:31  Ultralisk x3  
  122  11:34  Queen  
  124  11:40  Zergling x6  
  127  11:49  Zergling x6  
  127  11:50  Zergling x6  
  131  11:56  Ultralisk x3  
Show
View Real Time Build Order
Export as new Build Order

FreeToFall Terran 

Build Orders:  

Get SALT Encoding   

  12  0:01  SCV  
  13  0:13  SCV  
  14  0:27  SCV, Supply Depot  
  15  0:31  Refinery  
  15  0:51  SCV  
  15  0:52  Barracks  
  16  1:03  SCV  
  17  1:10  Refinery  
  17  1:12  Supply Depot  
  17  1:15  SCV  
  18  1:44  Orbital Command  
  18  1:50  Bunker, Factory  
  18  1:55  Barracks Tech Lab  
  18  2:13  Marine  
  18  2:16  SCV  
  19  2:31  Marine  
  20  2:37  Command Center  
  20  2:41  SCV  
  21  2:49  Marine  
  22  2:54  Barracks  
  22  2:58  Factory Tech Lab  
  22  3:00  SCV  
  23  3:07  Marine  
  24  3:22  Starport  
  24  3:24  Marine  
  25  3:36  Siege Tank  
  28  3:42  Barracks Reactor, Marine  
  28  3:44  SCV  
  30  3:52  SCV  
  31  4:00  Medivac, Marine  
  34  4:05  Stimpack  
  34  4:09  SCV  
  35  4:18  Marine  
  35  4:22  Marine x2  
  35  4:23  Orbital Command  
  38  4:36  Marine  
  39  4:41  Marine  
  39  4:42  Marine  
  36  4:53  Siege Tank  
  36  4:54  Marauder  
  36  4:59  Marine x2  
  42  5:02  Supply Depot  
  42  5:04  SCV  
  44  5:09  SCV  
  44  5:10  Starport Reactor  
  45  5:15  Marine  
  46  5:24  Marine x2  
  46  5:25  Siege Tank  
  51  5:33  Marine  
  52  5:41  Marine x2  
  53  5:48  SCV  
  54  5:56  Supply Depot  
  54  6:18  Medivac, Marine x3, Siege Tank  
  62  6:48  Supply Depot  
  62  6:51  Supply Depot  
  62  7:04  Refinery  
  62  7:05  Combat Shield  
  62  7:09  Marine x2  
  62  7:10  Medivac, Marauder, SCV x2  
  70  7:22  SCV x2  
  72  7:24  Supply Depot  
  72  7:27  Marine x2  
  72  7:28  Supply Depot  
  74  7:31  Engineering Bay, Marauder  
  74  7:32  Mag-Field Accelerator  
  74  7:34  SCV x2  
  74  7:35  Refinery  
  78  7:45  Marine x2  
  78  7:46  Medivac, SCV x2  
  78  7:50  Supply Depot  
  84  7:51  Supply Depot  
  84  7:53  Marauder  
  86  7:58  SCV x2  
  86  8:03  Marine x2  
  90  8:10  SCV  
  91  8:14  Marauder, Supply Depot  
  91  8:16  Siege Tank  
  96  8:21  Marine x2  
  96  8:22  SCV  
  99  8:34  SCV  
  99  8:36  Marauder  
  99  8:39  Marine x2  
  104  8:42  Missile Turret  
  104  8:47  SCV  
  104  8:48  Siege Tank  
  108  8:57  Marauder, Marine x2  
  108  8:59  SCV  
  113  9:05  Missile Turret  
  113  9:06  Supply Depot  
  113  9:12  Supply Depot  
  113  9:14  Marine x2  
  115  9:18  Marauder  
  117  9:27  Missile Turret  
  117  9:28  Cyclone  
  117  9:29  SCV, Factory, Supply Depot  
  121  9:32  Marine x2  
  123  9:39  Marine  
  124  9:46  Viking x2  
  124  9:49  Missile Turret  
  124  9:50  Marine x2  
  130  9:58  Marauder  
  132  10:08  Marine x2  
  133  10:15  Viking  
  133  10:18  Marine, Missile Turret  
  133  10:20  Medivac  
  138  10:26  Marine x2  
  140  10:37  Marauder  
  140  10:38  Missile Turret  
  142  10:56  Factory Tech Lab  
  142  10:57  Supply Depot  
  142  11:04  Marine x2  
  142  11:07  Medivac  
  142  11:13  Medivac  
  142  11:19  Marauder  
  142  11:22  Marine x2  
  142  11:23  Missile Turret  
  146  11:26  Cyclone  
  149  11:40  Marine  
  149  11:44  Missile Turret  
  150  12:07  Missile Turret  
  150  12:08  Supply Depot  
  150  12:10  Medivac, Supply Depot  
  150  12:28  Missile Turret  
  150  12:29  Medivac, Marauder, Marine x2  
  156  12:32  Supply Depot, SCV  
  156  12:34  Supply Depot  
  156  12:35  Supply Depot  
  156  12:38  Command Center  
  159  12:44  SCV  
  157  12:58  Supply Depot  
Tags
 
Add a new tag
Caveats
  • Supply blocks, unpowered buildings, or Contaminate may cause inaccurate times.
  • Supply counts are checked every 10 seconds.